Map: Abyssal Reef LE

Players

iPlayDefense

  • Race: Terran Terran
  • League: Silver
  • Spawn Location: 5:00

AMexaPhin - Winner!

  • Race: Protoss Protoss
  • League: Silver
  • Spawn Location: 11:00

VOD

Have the link to the VOD?

Description

Time

  • Played on: April 13, 2025, 1:12 p.m.
  • Length: 26:23
Show
View Real Time Build Order
Export as new Build Order

iPlayDefense Terran 

Build Orders:  

Get SALT Encoding   

  12  0:00  SCV  
  13  0:12  SCV  
  14  0:18  Supply Depot  
  14  0:26  Refinery  
  14  0:29  SCV  
  15  0:41  SCV  
  16  0:46  Barracks  
  16  0:54  SCV  
  17  1:06  SCV  
  18  1:18  SCV  
  19  1:34  Orbital Command  
  19  1:38  Engineering Bay  
  19  1:39  Barracks Reactor  
  19  1:48  Supply Depot  
  19  1:58  Refinery  
  19  2:18  Factory  
  19  2:20  Barracks  
  19  2:21  Barracks  
  19  2:22  Marine  
  19  2:23  Marine  
  21  2:38  SCV  
  21  2:40  Marine  
  21  2:41  Marine  
  24  2:50  SCV  
  25  3:02  SCV  
  26  3:15  Command Center  
  26  3:16  SCV  
  27  3:20  Barracks Tech Lab  
  27  3:24  Barracks Tech Lab  
  27  3:28  SCV  
  27  3:30  Factory Reactor  
  28  3:46  Marine x3  
  31  3:55  Supply Depot  
  31  4:02  Terran Infantry Weapons Level 1  
  31  4:17  Marine x4  
  31  4:18  Supply Depot  
  35  4:28  SCV x2  
  37  4:34  Marine x4  
  41  4:40  SCV  
  41  4:44  Supply Depot  
  42  4:48  Supply Depot  
  42  4:52  Marine x4  
  46  4:53  Hellion  
  46  4:54  Hellion  
  50  5:06  Starport  
  50  5:13  Orbital Command  
  50  5:18  Supply Depot  
  48  5:43  SCV x2, Marine  
  48  5:44  Marine x4  
  53  5:54  Siege Tank  
  53  5:55  SCV  
  57  5:58  Supply Depot  
  57  6:00  Starport Reactor  
  57  6:01  Marine x2  
  57  6:02  Marine x2  
  57  6:04  Supply Depot  
  61  6:09  Refinery  
  61  6:12  Refinery  
  61  6:24  Terran Infantry Armor Level 1  
  61  6:26  Combat Shield  
  61  6:36  Supply Depot  
  61  6:45  SCV x2  
  63  6:47  Marine x5  
  71  6:57  SCV  
  69  7:01  Liberator  
  69  7:02  Liberator  
  69  7:06  Marauder  
  69  7:07  Siege Tank  
  80  7:14  Supply Depot  
  80  7:27  Marauder  
  80  7:28  SCV  
  83  7:30  Marine x3  
  86  7:41  SCV  
  87  7:45  Stimpack  
  87  7:49  Marauder  
  87  7:50  SCV, Marine  
  87  7:51  Marine x3  
  93  7:52  Siege Tank  
  93  7:53  SCV  
  98  8:02  SCV, Medivac x2  
  98  8:05  SCV  
  104  8:08  Supply Depot  
  104  8:10  Marauder  
  106  8:24  Supply Depot  
  103  8:31  Marauder  
  102  8:38  SCV x2  
  102  8:39  Marine x4  
  108  8:41  Siege Tank  
  108  8:42  Medivac  
  113  8:48  Supply Depot  
  113  8:50  SCV  
  113  8:52  Marine  
  115  9:11  Marauder  
  115  9:13  Siege Tank  
  115  9:16  Command Center  
  120  9:19  SCV x2, Marine x3  
  120  9:20  Marine  
  126  9:27  Supply Depot  
  126  9:31  SCV  
  127  9:32  Marauder  
  129  9:53  Marauder  
  131  10:15  Marauder  
  133  10:24  Marine x2  
  133  10:25  Marine x2  
  140  10:28  Siege Tank  
  140  10:31  Medivac x2  
  140  10:34  Orbital Command  
  144  10:36  Marine  
  144  10:40  Armory  
  144  10:42  Marine x2  
  146  10:43  Concussive Shells  
  147  10:54  Marauder  
  149  10:58  Marine x2  
  149  11:00  Siege Tank, Marine x2  
  149  11:01  Medivac x2  
  160  11:15  Marauder  
  160  11:16  Marine x2  
  160  11:17  Orbital Command  
  159  11:31  Viking  
  149  11:32  Siege Tank  
  149  11:37  Marauder  
  98  11:52  SCV x3  
  98  11:53  Marine  
  98  11:54  Marine x3  
  103  11:57  Medivac  
  103  11:58  Marauder  
  109  12:01  Medivac  
  109  12:02  Supply Depot  
  109  12:04  SCV x2, Siege Tank  
  109  12:05  SCV  
  117  12:11  Marine x2  
  119  12:16  SCV  
  119  12:17  SCV x2  
  119  12:18  Marine  
  119  12:19  Marine, Marauder  
  126  12:28  SCV  
  126  12:29  Marine x2  
  129  12:31  Supply Depot  
  129  12:37  Supply Depot, Siege Tank  
  132  12:41  Marauder  
  134  12:58  Factory  
  134  12:59  Terran Infantry Weapons Level 2  
  134  13:00  Factory  
  134  13:01  Terran Vehicle Weapons Level 1  
  134  13:02  Marauder  
  136  13:08  Factory  
  136  13:09  Siege Tank  
  139  13:24  Marauder  
  141  13:45  Marauder  
  143  13:50  Factory Tech Lab  
  143  13:52  Factory Tech Lab  
  141  14:36  Thor x3  
  159  14:39  Medivac  
  159  14:45  Refinery  
  161  14:47  Refinery  
  161  14:55  Terran Ship Weapons Level 1  
  161  15:10  Supply Depot x2  
  161  15:15  Terran Infantry Armor Level 2  
  161  15:19  Thor x3  
  179  15:26  Marine x3  
  179  15:27  Marine x2  
  184  15:32  Viking  
  186  15:45  Marauder  
  188  15:58  Command Center  
  188  16:02  Thor x2  
  200  16:18  Missile Turret  
  200  16:26  Factory Tech Lab  
  200  16:39  Missile Turret  
  200  16:44  Thor  
  184  16:50  Terran Vehicle And Ship Armor Level 1, Thor x3  
  173  16:58  Missile Turret  
  158  17:27  Thor  
  164  17:33  Thor  
  164  17:36  Thor  
  176  17:37  Thor  
  176  17:42  Orbital Command  
  182  18:22  Thor x2  
  188  18:59  Terran Vehicle Weapons Level 2  
  188  19:09  Refinery x2  
  188  19:21  Thor  
  97  20:04  Thor  
  97  20:05  Thor x2  
  97  20:12  Marine x5  
  70  20:30  Marine x5  
  74  20:47  Thor, Marine  
  74  20:48  Marine x4  
  85  21:03  Medivac x2  
  89  21:05  Marine  
  89  21:06  Marine x4  
  94  21:14  Terran Ship Weapons Level 2  
  94  21:24  Marine  
  95  21:53  Command Center  
  95  22:03  Thor  
  95  22:06  Marine x5  
  106  22:15  Supply Depot  
  106  22:22  Refinery  
  106  22:23  Marine  
  106  22:24  Marine x4  
  106  22:25  Refinery  
  111  22:37  Supply Depot  
  111  22:41  Thor, Marine  
  111  22:42  Marine x4  
  111  22:43  Medivac  
  124  22:59  Marine  
  124  23:00  Supply Depot, Marine x4  
  124  23:04  Orbital Command  
  129  23:17  Marine x2  
  129  23:23  Supply Depot  
  129  23:27  Marine  
  129  23:28  Marine x2  
  129  23:30  Thor  
  129  23:31  Thor  
  144  23:35  Marine x2  
  146  23:45  Marine x3  
  146  23:47  Supply Depot  
  149  23:52  Marine  
  149  23:53  Marine  
  151  24:03  Marine x3  
  154  24:10  Marine  
  154  24:11  Marine  
  154  24:15  Missile Turret  
  156  24:18  Medivac  
  156  24:21  Marine x3  
  161  24:29  Marine  
  162  24:37  Missile Turret  
  162  24:39  Marine x4  
  162  24:41  Thor  
  172  24:46  Marine  
  173  24:57  Marine x4  
  177  25:00  Missile Turret  
  177  25:04  Marine  
  178  25:15  Marine x4  
  178  25:20  Missile Turret  
  182  25:22  Marine  
  182  25:32  Marine  
  182  25:33  Marine x3  
  171  25:40  Marine  
  159  25:50  Marine  
  159  25:51  Marine x3  
  113  25:58  Marine  
Show
View Real Time Build Order
Export as new Build Order

AMexaPhin Protoss - Winner!

Build Orders: Blink Stalkers, Zealot Archon 

Get SALT Encoding   

  12  0:00  Probe  
  13  0:17  Pylon  
  13  0:19  Probe  
  14  0:28  Assimilator  
  14  0:32  Probe  
  15  0:58  Gateway  
  15  1:02  Probe  
  16  1:05  Assimilator  
  16  1:08  Pylon  
  16  1:18  Probe  
  17  1:31  Forge  
  17  1:37  Probe  
  18  1:52  Nexus  
  18  1:56  Probe  
  19  2:10  Probe  
  19  2:11  Cybernetics Core  
  20  2:26  Probe  
  20  2:27  Gateway  
  21  2:33  Pylon  
  21  2:41  Probe  
  22  2:50  Warp Gate  
  22  2:51  Pylon  
  22  2:53  Stalker  
  24  3:04  Probe  
  25  3:06  Probe  
  25  3:07  Protoss Ground Weapons Level 1  
  25  3:12  Stalker  
  28  3:31  Twilight Council  
  28  3:38  Gateway  
  28  3:40  Probe  
  29  3:44  Probe  
  30  3:50  Assimilator, Blink  
  30  3:54  Stalker  
  32  4:04  Probe  
  32  4:05  Probe  
  34  4:16  Probe  
  35  4:17  Probe  
  35  4:22  Assimilator  
  36  4:34  Pylon  
  36  4:36  Pylon  
  36  4:49  Gateway  
  36  4:56  Gateway  
  36  5:02  Templar Archives  
  36  5:12  Robotics Facility  
  36  5:15  Stalker, Robotics Facility  
  36  5:20  Stalker  
  40  5:25  Probe  
  40  5:26  Probe  
  42  5:40  Gateway  
  42  5:43  Probe  
  42  5:44  Probe  
  44  6:05  Nexus  
  44  6:07  Immortal  
  44  6:09  Probe  
  49  6:11  Probe  
  50  6:22  High Templar  
  50  6:23  High Templar  
  54  6:28  Archon  
  54  6:44  Robotics Bay  
  54  6:52  Psionic Storm  
  54  6:54  Probe  
  54  6:56  Probe  
  56  7:09  Charge  
  56  7:14  Stalker x2  
  56  7:15  Stalker  
  62  7:23  Probe  
  62  7:24  Probe  
  62  7:26  Probe  
  65  7:38  Colossus  
  71  7:47  Zealot x4  
  71  7:48  Zealot x2  
  83  8:00  Probe  
  83  8:04  Assimilator  
  84  8:06  Probe  
  84  8:07  Probe  
  82  8:31  Probe  
  83  8:34  Probe  
  83  8:38  Probe  
  85  8:42  Assimilator  
  85  8:45  Stalker x3  
  85  8:46  Zealot  
  93  8:55  Pylon  
  93  8:57  Pylon  
  93  9:00  Pylon  
  93  9:01  Pylon  
  93  9:02  Pylon  
  93  9:12  Disruptor  
  93  9:13  Immortal  
  101  9:20  Gateway  
  101  9:22  Gateway  
  101  9:24  Probe x2  
  102  9:27  Probe  
  104  9:35  Stalker x4  
  104  9:36  Stalker  
  104  9:37  Zealot  
  116  9:45  Pylon  
  116  9:46  Pylon  
  116  9:48  Pylon  
  116  9:49  Probe  
  116  9:50  Pylon  
  116  9:52  Probe, Pylon  
  118  10:05  Probe  
  119  10:16  Probe  
  119  10:17  Probe  
  121  10:30  Nexus  
  121  10:37  Zealot  
  121  10:38  Zealot x5  
  133  10:49  Protoss Ground Armor Level 1  
  133  10:51  Extended Thermal Lance  
  133  10:57  Probe  
  133  10:59  Probe  
  133  11:03  Probe  
  136  11:10  Stalker x5  
  136  11:11  Zealot x3  
  96  11:46  Stalker x4  
  96  11:47  Stalker x2, Zealot  
  108  11:58  Probe  
  108  11:59  Pylon  
  108  12:00  Pylon  
  110  12:01  Probe  
  110  12:12  High Templar x4  
  110  12:13  High Templar  
  120  12:18  Archon  
  120  12:28  Probe  
  121  12:34  Probe  
  122  12:40  Probe  
  123  12:45  Stalker x4  
  123  12:49  Zealot  
  123  13:29  Stalker x3  
  123  13:30  Stalker x3, Zealot x2  
  139  13:47  Robotics Facility  
  139  13:49  Robotics Facility  
  139  14:04  Probe  
  139  14:06  Probe  
  139  14:08  Probe  
  142  14:11  Stalker x5  
  126  14:39  Probe  
  126  14:40  Colossus  
  126  14:41  Colossus  
  139  15:01  Probe  
  140  15:30  Stalker x3  
  140  15:31  Zealot x5  
  156  15:54  Probe  
  157  16:08  Stalker x2  
  157  16:09  High Templar x2  
  157  16:10  High Templar x2  
  157  16:11  High Templar x2  
  173  16:13  Archon  
  173  16:15  Archon  
  173  16:27  Pylon  
  173  16:28  Pylon  
  173  16:39  Probe  
  174  16:41  Probe  
  135  17:26  Stalker x3  
  135  17:27  Stalker x2, Zealot x3  
  151  17:34  Gravitic Boosters  
  151  17:37  Immortal  
  151  17:38  Immortal  
  151  17:42  Probe  
  151  17:44  Probe  
  161  17:48  Stalker x3  
  161  17:50  Zealot x4, Stalker  
  177  18:07  Probe  
  178  18:15  Stalker x4  
  178  18:16  Zealot x4  
  194  18:23  Immortal  
  198  18:29  Warp Prism  
  194  18:59  Assimilator  
  194  19:25  Assimilator  
  194  19:30  Stalker x2  
  194  19:31  Stalker  
  122  20:06  Stalker x4  
  122  20:07  Stalker x4  
  82  20:31  Stalker x3  
  82  20:32  High Templar x4  
  82  20:33  Stalker  
  78  20:49  Immortal  
  82  20:50  Immortal  
  86  21:11  Probe  
  86  21:15  Stalker x5  
  86  21:16  Zealot x3  
  103  21:30  Probe  
  104  21:39  Stalker x3  
  110  21:40  Zealot x3  
  110  21:41  Zealot x2, Protoss Shields Level 1  
  120  21:48  Immortal x2  
  128  22:15  Stalker x3  
  132  22:16  Stalker  
  132  22:17  Zealot  
  132  22:20  Nexus  
  138  22:25  Stalker x3  
  144  22:42  Immortal x2  
  152  23:23  Colossus x2  
  164  23:28  Stalker x4  
  164  23:29  Stalker  
  164  23:30  Zealot x2  
  164  23:31  Zealot  
  180  23:46  Assimilator  
  180  23:58  Zealot x4  
  180  23:59  Stalker x4  
  196  24:18  Probe  
  197  24:25  Observer  
  197  24:27  Probe  
  199  24:36  Probe  
  182  25:38  Stalker x3  
  182  25:39  Stalker x2, Zealot x2  
  182  25:40  Zealot  
  148  26:02  Stalker  
  148  26:03  Stalker x4, Zealot x2  
  148  26:04  Zealot  
Tags
 
Add a new tag
Caveats
  • Supply blocks, unpowered buildings, or Contaminate may cause inaccurate times.
  • Supply counts are checked every 10 seconds.